 Dungeon Crawl Stone Soup version 0.29-a0-414-g5075937ec3 (webtiles) character file.

Game seed: 17740588534356797256

3530 dolemite99 the Severer (level 9, 0/74 HPs)
             Began as a Deep Dwarf Fighter on May 16, 2022.
             Was an Initiate of Elyvilon.
             Slain by an ogre
             ... wielding a +0 giant club
              (19 damage)
             ... on level 6 of the Dungeon.
             The game lasted 00:08:57 (5856 turns).

dolemite99 the Severer (Deep Dwarf Fighter)         Turns: 5856, Time: 00:08:58

Health: 0/74       AC: 15    Str: 21    XL:     9   Next: 82%
Magic:  8/8        EV:  5    Int: 10    God:    Elyvilon [......]
Gold:   226        SH:  5    Dex: 14    Spells: 8/8 levels left

rFire   . . .      SeeInvis .   a - +1 war axe (venom)
rCold   + . .      Faith    .   c - +0 buckler
rNeg    . . .      Spirit   .   b - +0 plate armour
rPois   .          Reflect  .   p - +0 helmet
rElec   .          Harm     .   (no cloak)
rCorr   .          Rampage  .   B - +0 pair of gloves
Will    +....                   l - +1 pair of boots
Stlth   ..........              f - amulet of magic regeneration
HPRegen 0.00/turn               v - ring of protection from cold
MPRegen 0.51/turn               (no ring)

@: no status effects
A: damage resistance, heal wounds, sense surroundings 2, no regeneration
a: Heal Wounds, Renounce Religion


You were on level 6 of the Dungeon.
You worshipped Elyvilon.
Elyvilon was noncommittal.
You visited 1 branch of the dungeon, and saw 6 of its levels.
You also visited: Sewer.

You collected 226 gold pieces.

Inventory:

Hand Weapons
 a - a +1 war axe of venom (weapon)
 j - a +0 war axe of draining
 u - a +2 hand axe of electrocution
 y - a +0 morningstar of protection
Missiles
 m - 6 poisoned darts
 s - 199 stones
Armour
 b - a +0 plate armour (worn)
 c - a +0 buckler (worn)
 h - a +0 chain mail
 l - a +1 pair of boots (worn)
 p - a +0 helmet (worn)
 A - a +1 ring mail of poison resistance
 B - a +0 pair of gloves (worn)
Magical Staves
 t - a staff of earth
 z - a staff of earth
Jewellery
 f - an amulet of magic regeneration (around neck)
 g - a +6 ring of strength
 v - a ring of protection from cold (left hand)
Wands
 e - a wand of flame (20)
 D - a wand of mindburst (11)
Scrolls
 o - 2 scrolls of teleportation
 w - 3 scrolls of fog
Potions
 d - a potion of might
 i - a potion of ambrosia {unknown}
 k - a potion of berserk rage {unknown}
 n - a potion of lignification {unknown}
 q - 2 potions of curing
 r - 2 potions of degeneration {unknown}
 x - a potion of mutation {unknown}
 C - a potion of flight {unknown}


   Skills:
 - Level 2.6 Fighting
 + Level 15.2 Axes
 - Level 3.2 Armour
 - Level 3.2 Shields


You had 8 spell levels left.
You didn't know any spells.
Your spell library contained the following spells:

 Spells                   Type           Power      Damage    Failure   Level
 Sting                    Tmut/Pois      0%         1d3       100%        1
 Blink                    Tloc           0%         N/A       100%        2
 Poisonous Vapours        Pois/Air       0%         N/A       100%        2
 Sublimation of Blood     Necr           0%         N/A       100%        2
 Stone Arrow              Conj/Erth      0%         3d7       100%        3
 Olgreb's Toxic Radiance  Pois           0%         N/A       100%        4
 Fireball                 Conj/Fire      0%         3d3       100%        5
 Iskenderun's Battlesphe  Conj           0%         2d6       100%        5
 Manifold Assault         Tloc           0%         N/A       100%        5
 Conjure Ball Lightning   Conj/Air       0%         3x3d6     100%        6
 Simulacrum               Ice/Necr       0%         N/A       100%        6
 Orb of Destruction       Conj           0%         9d5       100%        7
 Storm Form               Tmut/Air       0%         N/A       100%        7
 Fire Storm               Conj/Fire      0%         5d1       100%        9


Dungeon Overview and Level Annotations

Branches:
Dungeon (6/15)              Sewer (visited)
 Temple: D:4-7

Altars:
Ashenzari
Elyvilon
Trog
Uskayaw
Xom


Innate Abilities, Weirdness & Mutations

You are resistant to damage.
You can heal yourself by infusing magical energy.
You passively map the area around you.
You do not regenerate.


Message History

You slash the kobold brigand!
The kobold brigand is almost dead.
The kobold brigand completely misses you.
You completely miss the kobold brigand.
The kobold brigand is almost dead.
The kobold brigand hits you with a +0 dagger.
You slash the kobold brigand!
You kill the kobold brigand!
The adder bites you but does no damage.
You slash the adder!
The adder is poisoned.
The adder is almost dead.
The adder bites you but does no damage.
You closely miss the adder.
The adder is almost dead.
You kill the adder!
You slash the howler monkey!
The howler monkey looks as sick as possible!
The howler monkey is almost dead.
The howler monkey hoots and howls with incredible vigour!
You slash the howler monkey!
You kill the howler monkey!
You slash the white imp!
You kill the white imp!
You are no longer poisoned.
The ogre hits you with a +0 giant club! The troll barely misses you.
The troll claws you. x2
Things that are here:
a +0 dagger; 5 poisoned darts; a howler monkey corpse You hit the ogre.
The ogre is poisoned.
The ogre is moderately wounded.
You hit the troll but do no damage.
The troll is poisoned.
The troll bites you!
* * * LOW HITPOINT WARNING * * *
The troll claws you.
* * * LOW HITPOINT WARNING * * *
The troll claws you but does no damage.
You barely miss the ogre.
The ogre is moderately wounded.
You hit the troll but do no damage.
The troll looks even sicker.
The ogre hits you with a +0 giant club!!
You die...

.# #......###.##.#.## .#
#......##........## .#***
#.................# ..,,*
#..####.....####..# ##*,*
#..#).##...##.)#..# *,*
#..#...##.##...#..# *,*
##.*#...#.#...##..# *,*
*.,*#.'#T#†.##..## ***,*
**...###..@###...##
,,,,***........8O.......#
,,,,,,,....###...###....###
*******#.,**.'#.#).##.....#
*,**...#.#...##.##.#
*,#...##.##...#....# ## ##
*,#).##...##..#...>######.
.#
*,####.....####......†....
.#
*..................######.


You could see a troll (very poisoned) and an ogre (very poisoned).

Vanquished Creatures
  Pikel (D:6)
  A hornet (D:6)
  6 yaks
  A black bear (D:6)
  3 ogres
  A centaur (D:6)
  A lemure (D:6)
  2 phantoms (D:5)
  A kobold brigand (D:6)
  4 bullfrogs
  A gnoll sergeant (D:4)
  2 scorpions (D:4)
  2 howler monkeys (D:6)
  A jelly (D:5)
  3 hounds
  A gnoll shaman (D:5)
  4 orc priests
  2 orc wizards
  Natasha (twice) (D:3)
  2 iguanas
  8 gnolls
  18 adders
  A river rat (D:5)
  4 white imps
  An ufetubus (D:6)
  3 worms
  A dart slug (D:4)
  17 orcs
  16 endoplasms
  10 giant cockroaches
  5 goblins
  7 hobgoblins
  4 jackals (D:3)
  18 quokkas
  21 ball pythons
  3 bats
  12 frilled lizards
  8 kobolds
  4 rats
202 creatures vanquished.

Vanquished Creatures (others)
  20 plants
20 creatures vanquished.

Grand Total: 222 creatures vanquished

Notes
Turn   | Place    | Note
-------+----------+-------------------------------------------
     0 | D:1      | dolemite99 the Deep Dwarf Fighter began the quest for the
                  | Orb.
     0 | D:1      | Reached XP level 1. HP: 20/20 MP: 1/1
   298 | D:1      | Reached skill level 3 in Axes
   325 | D:1      | Reached XP level 2. HP: 17/27 MP: 2/2
   535 | D:1      | Found a faded altar of an unknown god.
   797 | D:2      | Found a bloodstained altar of Trog.
   893 | D:2      | Reached XP level 3. HP: 19/33 MP: 3/3
   957 | D:2      | Reached skill level 4 in Axes
  1625 | D:3      | Noticed Natasha
  1630 | D:3      | Killed Natasha
  1631 | D:3      | Reached skill level 5 in Axes
  1631 | D:3      | Reached XP level 4. HP: 18/40 MP: 4/4
  1928 | D:3      | Reached XP level 5. HP: 9/46 MP: 5/5
  1981 | D:3      | Got the Guide on Evil Combat Magic
  1992 | D:3      | Reached skill level 6 in Axes
  2547 | D:3      | Noticed Natasha
  2552 | D:3      | Killed Natasha
  2689 | D:4      | Reached skill level 7 in Axes
  2689 | D:4      | Reached XP level 6. HP: 30/55 MP: 6/6
  2752 | D:4      | Reached skill level 8 in Axes
  2843 | D:4      | Reached XP level 7. HP: 45/61 MP: 7/7
  2876 | D:4      | Reached skill level 9 in Axes
  3298 | D:5      | Entered Level 5 of the Dungeon
  3465 | D:5      | Found a glowing drain.
  3470 | Sewer    | Entered a sewer
  3622 | Sewer    | Reached skill level 10 in Axes
  4120 | Sewer    | Reached XP level 8. HP: 43/68 MP: 7/7
  4196 | D:5      | Found a bloodstained altar of Trog.
  4532 | D:5      | Reached skill level 11 in Axes
  5261 | D:6      | Reached skill level 12 in Axes
  5331 | D:6      | Found a shimmering altar of Xom.
  5432 | D:6      | Found a broken altar of Ashenzari.
  5487 | D:6      | Found a hide-covered altar of Uskayaw.
  5527 | D:6      | Found a white marble altar of Elyvilon.
  5531 | D:6      | Became a worshipper of Elyvilon the Healer
  5565 | D:6      | Reached skill level 13 in Axes
  5565 | D:6      | Gained mutation: You passively map the area around you.
                  | [Deep Dwarf growth]
  5565 | D:6      | Reached XP level 9. HP: 44/74 MP: 8/8
  5734 | D:6      | Noticed Pikel
  5748 | D:6      | Killed Pikel
  5749 | D:6      | Reached skill level 14 in Axes
  5830 | D:6      | Reached skill level 15 in Axes
  5838 | D:6      | Noticed a troll
  5856 | D:6      | Slain by an ogre

Illustrated notes

Levels and vault maps discovered:
D:1:      dpeg_arrival_shelter, layout_basic,
          ebering_ecumenical_altar_sacrificial
D:2:      layout_basic, basic_altar, serial_bayou, serial_bayou_lake_a,
          serial_bayou_pond_a, serial_bayou_shore_a, serial_bayou_ford_a,
          chequers_serial_rivers_room_b
D:3:      layout_loops_corners, serial_forest, infiniplex_forest_zigzag_1,
          infiniplex_forest_zigzag_1, infiniplex_forest_clump_small,
          infiniplex_forest_clump_diagonal, infiniplex_forest_end_3,
          infiniplex_forest_zigzag_1, serial_bayou_crossing, uniq_natasha
D:4:      layout_rooms, lightli_minifort
D:5:      layout_loops_corners, old_standard_altar, gup_sewer_entry_bowl,
          minmay_misc_feat_four_crosses
D:6:      cheibrodos_barr_body, layout_loops_cross, lemuel_blue_sif_altar,
          nicolae_vehumet_radiance, nicolae_overflow_quartered_altars,
          kennysheep_generic_room_14, uniq_pikel

Skill      XL: |  1  2  3  4  5  6  7  8  9 |
---------------+----------------------------+-----
Axes           | 3 5 7 8 10 13 15 | 15.2
Fighting       | |  2.6
Armour         | |  3.2
Shields        | |  3.2

Action                   |  1- 3 |  4- 6 |  7- 9 || total
-------------------------+-------+-------+-------++-------
Melee: War axe           |    85 |   153 |   323 ||   561
 Abil: Heal Wounds       |       |     5 |     8 ||    13
  Use: Scroll            |     2 |     4 |     6 ||    12
Armor: Chain mail        |    54 |    76 |    22 ||   152
       Scale mail        |     4 |       |       ||     4
       Plate armour      |       |       |   189 ||   189
Dodge: Dodged            |    32 |    51 |    74 ||   157
Block: Buckler           |    19 |    31 |    58 ||   108

Table legend: (Time is in decaauts)
 A = Elapsed time spent in this place.
 B = Non-inter-level travel time spent in this place.
 C = Inter-level travel time spent in this place.
 D = Time resting spent in this place.
 E = Time spent auto-exploring this place.
 F = Levels seen in this place.
 G = Mean time per level.
                   A        B        C        D        E       F      G
               +--------+--------+--------+--------+--------+-----+--------+
         Total |   6083 |   5834 |    249 |    790 |   3277 |   7 |  869.0 |
       Dungeon |   5326 |   5077 |    249 |    472 |   3191 |   6 |  887.7 |
         Sewer |    757 |    757 |      0 |    318 |     86 |   1 |  757.0 |
               +--------+--------+--------+--------+--------+-----+--------+

Top non-repeatable levels by time:
     D:3: 1100 daAuts
     D:5: 1098 daAuts
     D:2: 914 daAuts
     D:1: 810 daAuts
     D:6: 775 daAuts
   Sewer: 757 daAuts
     D:4: 627 daAuts
